 Dungeon Crawl Stone Soup version 0.22.0 (webtiles) character file.

2100 Frostfox the Shield-Bearer (level 9, -9/73 HPs)
             Began as a Gnoll Fighter on Aug 22, 2018.
             Was a Follower of the Shining One.
             Mangled by a two-headed ogre
             ... wielding a +0 giant club
              (20 damage)
             ... on level 7 of the Dungeon.
             The game lasted 00:15:14 (7213 turns).

Frostfox the Shield-Bearer (Gnoll Fighter)          Turns: 7213, Time: 00:15:14

Health: -9/73      AC: 19    Str: 18    XL:     9   Next: 28%
Magic:  15/15      EV: 11    Int: 11    God:    the Shining One [*.....]
Gold:   219        SH: 11    Dex: 18    Spells: 16/16 levels left

rFire    . . .     SeeInvis .   B - +1 mace (protect)
rCold    . . .     Gourm    .   c - +0 shield
rNeg     . . .     Faith    .   b - +0 scale mail
rPois    .         Spirit   .   (no helmet)
rElec    .         Reflect  .   h - +0 cloak
rCorr    .         Harm     .   l - +0 pair of gloves
MR       .....                  A - +0 pair of boots
Stlth    +.........             e - amulet of magic regeneration
HPRegen  0.22/turn              (no ring)
MPRegen  0.39/turn              (no ring)

@: protection aura, glowing
A: distributed training, fangs 1, strong nose
a: Renounce Religion


You were on level 7 of the Dungeon.
You worshipped the Shining One.
The Shining One was aware of your devotion.
You were not hungry.

You visited 2 branches of the dungeon, and saw 8 of its levels.

You collected 219 gold pieces.

Inventory:

Hand Weapons
 a - a +1 long sword
 g - a +0 short sword of speed
 s - a +0 shortbow
 v - a +1 dagger of freezing
 B - a +1 mace of protection (weapon)
 G - a +0 shortbow
Missiles
 j - 125 arrows
 p - 108 stones (quivered)
 z - a throwing net
Armour
 b - a +0 scale mail (worn)
 c - a +0 shield (worn)
 h - a +0 cloak (worn)
 l - a +0 pair of gloves (worn)
 A - a +0 pair of boots (worn)
Jewellery
 e - an amulet of magic regeneration (around neck)
 k - an uncursed ring of fire
Wands
 u - a wand of disintegration (6)
 w - a wand of paralysis (14)
 C - a wand of clouds (6)
 H - a wand of flame (18)
Scrolls
 i - 3 scrolls of remove curse
 m - a scroll of teleportation
 r - 2 scrolls of immolation
 t - 2 scrolls of identify
 y - a scroll of amnesia {unknown}
 D - a scroll of enchant armour {unknown}
 E - 2 scrolls of brand weapon {unknown}
 F - a scroll of silence {unknown}
Potions
 d - 2 potions of might
 n - 2 potions of flight
 o - 3 potions of curing
 q - 2 potions of degeneration {unknown}
 x - 2 potions of invisibility
Comestibles
 f - 8 rations


   Skills:
 + Level 7.7 Fighting
 + Level 4.0 Short Blades
 + Level 6.1 Long Blades
 + Level 4.0 Axes
 + Level 4.0 Maces & Flails
 + Level 4.0 Polearms
 + Level 4.0 Staves
 + Level 4.0 Slings
 + Level 4.0 Bows
 + Level 4.0 Crossbows
 + Level 4.0 Throwing
 + Level 7.7 Armour
 + Level 4.0 Dodging
 + Level 4.0 Stealth
 + Level 7.7 Shields
 + Level 4.0 Unarmed Combat
 + Level 4.0 Spellcasting
 + Level 3.3 Conjurations
 + Level 3.3 Hexes
 + Level 3.3 Charms
 + Level 3.3 Summonings
 + Level 3.3 Necromancy
 + Level 3.3 Translocations
 + Level 3.3 Transmutations
 + Level 3.3 Fire Magic
 + Level 3.3 Ice Magic
 + Level 3.3 Air Magic
 + Level 3.3 Earth Magic
 + Level 3.3 Poison Magic
 + Level 4.4 Invocations
 + Level 4.0 Evocations


You had 16 spell levels left.
You didn't know any spells.
Your spell library contained the following spells:

 Spells                   Type           Power        Failure   Level  Hunger
 Magic Dart               Conj           #...         41%         1    #......
 Conjure Flame            Conj/Fire      #.......     78%         3    ###....
 Slow                     Hex            #.......     54%         2    ##.....
 Mephitic Cloud           Conj/Pois/Air  #.......     78%         3    ###....
 Blink                    Tloc           N/A          54%         2    ##.....
 Call Imp                 Summ           #.......     54%         2    ##.....


Dungeon Overview and Level Annotations

Branches:
Dungeon (7/15)             Temple (1/1) D:6

Altars:
Ashenzari
Elyvilon
Gozag
Kikubaaqudgha
Nemelex Xobeh
Okawaru
Sif Muna
Trog
Uskayaw
Wu Jian
Xom
Yredelemnul
Zin
The Shining One

Shops:
D:6 (

Annotations:
D:5 1 runed door, syena53's ghost, amateur MiFi


Innate Abilities, Weirdness & Mutations

Your experience applies equally to all skills.
You have very sharp teeth.
Your uncanny sense of smell can sniff out nearby items.


Message History

You bite the two-headed ogre, but do no damage.
The two-headed ogre is lightly wounded.
You block the two-headed ogre's attack. The two-headed ogre closely misses you.
You hit the two-headed ogre.
The two-headed ogre is lightly wounded.
The two-headed ogre hits you but does no damage.
The two-headed ogre hits you with a giant club!
You hit the two-headed ogre.
The two-headed ogre is lightly wounded.
The two-headed ogre hits you with a giant club!
You block the two-headed ogre's attack.
You hit the two-headed ogre.
The two-headed ogre is lightly wounded.
The two-headed ogre hits you with a giant club!
* * * LOW HITPOINT WARNING * * *
You block the two-headed ogre's attack.
You hit the two-headed ogre but do no damage.
The two-headed ogre is lightly wounded.
The two-headed ogre hits you with a giant club!!
You die...

#.....####.##
..#.....# #.# ..o.
........# #.###
.$.. .##....<#
#...# .....
#.....# ###.#
.....∆ ####### #.#
...... #.#
#....r##########
#.# #oaO@.......#
#.# #.##.#..#.#.#
#.#
#.#..#.#.####.#
∆..#..#........#
#.####..###.######
#.......###.#
######......#
########


You could see a two-headed ogre, a worker ant, an orc and a quokka.

Vanquished Creatures
  Sigmund (D:5)
  Menkaure (D:6)
  A phantom (D:6)
  2 sky beasts (D:6)
  An ice beast (D:6)
  2 centaurs
  Blork the orc (D:4)
  2 scorpions
  3 wights (D:6)
  A howler monkey (D:2)
  A bullfrog zombie (D:6)
  A bullfrog skeleton (D:5)
  4 orc priests
  2 hounds
  7 orc wizards
  2 iguanas
  8 worker ants
  A hound zombie (D:6)
  8 gnolls
  14 adders
  2 oozes
  An adder zombie (D:6)
  A worm (D:2)
  2 dart slugs (D:2)
  4 leopard geckos
  18 orcs
  5 bats
  7 giant cockroaches
  2 gnoll zombies (D:4)
  9 goblins
  6 hobgoblins
  12 jackals
  9 kobolds
  2 quokkas
  A ball python (D:6)
  6 frilled lizards
  3 rats
153 creatures vanquished.

Notes
Turn   | Place    | Note
-------+----------+-------------------------------------------
     0 | D:1      | Frostfox the Gnoll Fighter began the quest for the Orb.
     0 | D:1      | Reached XP level 1. HP: 23/23 MP: 1/1
   220 | D:1      | Reached XP level 2. HP: 27/29 MP: 2/2
   692 | D:2      | Reached XP level 3. HP: 35/35 MP: 3/3
   712 | D:2      | Reached skill level 1 in Invocations
   832 | D:2      | Reached skill level 1 in Short Blades
   832 | D:2      | Reached skill level 1 in Axes
   832 | D:2      | Reached skill level 1 in Maces & Flails
   832 | D:2      | Reached skill level 1 in Polearms
   832 | D:2      | Reached skill level 1 in Staves
   832 | D:2      | Reached skill level 1 in Slings
   832 | D:2      | Reached skill level 1 in Bows
   832 | D:2      | Reached skill level 1 in Crossbows
   832 | D:2      | Reached skill level 1 in Throwing
   832 | D:2      | Reached skill level 1 in Dodging
   832 | D:2      | Reached skill level 1 in Stealth
   832 | D:2      | Reached skill level 1 in Unarmed Combat
   832 | D:2      | Reached skill level 1 in Spellcasting
   832 | D:2      | Reached skill level 1 in Evocations
   872 | D:2      | Noticed a scorpion
   880 | D:2      | Killed a scorpion
   880 | D:2      | Reached skill level 1 in Conjurations
   880 | D:2      | Reached skill level 1 in Hexes
   880 | D:2      | Reached skill level 1 in Charms
   880 | D:2      | Reached skill level 1 in Summonings
   880 | D:2      | Reached skill level 1 in Necromancy
   880 | D:2      | Reached skill level 1 in Translocations
   880 | D:2      | Reached skill level 1 in Transmutations
   880 | D:2      | Reached skill level 1 in Fire Magic
   880 | D:2      | Reached skill level 1 in Ice Magic
   880 | D:2      | Reached skill level 1 in Air Magic
   880 | D:2      | Reached skill level 1 in Earth Magic
   880 | D:2      | Reached skill level 1 in Poison Magic
   880 | D:2      | Reached XP level 4. HP: 41/41 MP: 5/5
   904 | D:2      | Reached XP level 5. HP: 39/47 MP: 5/7
  1168 | D:2      | Reached XP level 6. HP: 42/53 MP: 8/8
  1650 | D:3      | Found a faded altar of an unknown god.
  1996 | D:3      | Reached skill level 5 in Long Blades
  2809 | D:4      | Noticed Blork the orc
  2822 | D:4      | Killed Blork the orc
  2822 | D:4      | Reached XP level 7. HP: 59/59 MP: 10/10
  3344 | D:4      | Found a sparkling altar of Nemelex Xobeh.
  3652 | D:4      | Found a basalt altar of Yredelemnul.
  3712 | D:5      | Entered Level 5 of the Dungeon
  3927 | D:5      | Noticed syena53's ghost (amateur MiFi)
  3928 | D:5      | Found a bloodstained altar of Trog.
  3930 | D:5      | Found a runed door.
  3930 | D:5      | Found a white marble altar of Elyvilon.
  4546 | D:5      | Reached XP level 8. HP: 54/67 MP: 12/12
  4609 | D:5      | Noticed Sigmund
  4612 | D:5      | Killed Sigmund
  5481 | D:6      | Found a staircase to the Ecumenical Temple.
  5487 | Temple   | Entered the Ecumenical Temple
  5690 | Temple   | Became a worshipper of the Shining One
  6060 | D:6      | Reached XP level 9. HP: 33/72 MP: 14/14
  6408 | D:6      | Noticed Menkaure
  6408 | D:6      | Reached * piety under the Shining One
  6425 | D:6      | Killed Menkaure
  6803 | D:6      | Found Mac Jeny's Antique Weapon Emporium.
  7203 | D:7      | Noticed a two-headed ogre
  7213 | D:7      | Mangled by a two-headed ogre

Skill      XL: |  1  2  3  4  5  6  7  8  9 |
---------------+----------------------------+-----
Invocations    | 1 2 3 4 |  4.4
Short Blades   | 1 2 3 4 |  4.0
Axes           | 1 2 3 4 |  4.0
Maces & Flails | 1 2 3 4 |  4.0
Polearms       | 1 2 3 4 |  4.0
Staves         | 1 2 3 4 |  4.0
Slings         | 1 2 3 4 |  4.0
Bows           | 1 2 3 4 |  4.0
Crossbows      | 1 2 3 4 |  4.0
Throwing       | 1 2 3 4 |  4.0
Dodging        | 1 2 3 4 |  4.0
Stealth        | 1 2 3 4 |  4.0
Unarmed Combat | 1 2 3 4 |  4.0
Spellcasting   | 1 2 3 4 |  4.0
Evocations     | 1 2 3 4 |  4.0
Conjurations   | 1 2 3 |  3.3
Hexes          | 1 2 3 |  3.3
Charms         | 1 2 3 |  3.3
Summonings     | 1 2 3 |  3.3
Necromancy     | 1 2 3 |  3.3
Translocations | 1 2 3 |  3.3
Transmutations | 1 2 3 |  3.3
Fire Magic     | 1 2 3 |  3.3
Ice Magic      | 1 2 3 |  3.3
Air Magic      | 1 2 3 |  3.3
Earth Magic    | 1 2 3 |  3.3
Poison Magic   | 1 2 3 |  3.3
Long Blades    | 5 6 |  6.1
Fighting       | 7 |  7.7
Armour         | 7 |  7.7
Shields        | 7 |  7.7

Action                   |  1- 3 |  4- 6 |  7- 9 || total
-------------------------+-------+-------+-------++-------
Melee: Long sword        |    76 |   190 |   148 ||   414
       Bite              |     7 |    21 |    53 ||    81
       Mace              |       |       |   223 ||   223
Evoke: Wand              |       |       |     3 ||     3
  Use: Scroll            |       |     1 |    10 ||    11
       Potion            |       |       |     1 ||     1
  Eat: Chunk             |       |     7 |     8 ||    15
       Ration            |       |       |     2 ||     2
Armor: Scale mail        |    29 |   111 |   167 ||   307
Dodge: Dodged            |    25 |   103 |   118 ||   246
Block: Shield            |    56 |   169 |   236 ||   461
       Rpst.: Long sword |     7 |    42 |    16 ||    65
